 Dungeon Crawl Stone Soup version 0.31-a0-479-g91c9547826 (console) character file.

Game seed: 2930030306941662336

6800 Lexodia the Cleaver (level 10, -4/135 HPs)
             Began as a Minotaur Berserker on Aug 7, 2023.
             Was a High Priest of Trog.
             Slain by a yak (9 damage)
             ... on level 11 of the Dungeon.
             The game lasted 00:14:45 (9116 turns).

Lexodia the Cleaver (Minotaur Berserker)            Turns: 9116, Time: 00:14:46

Health: -4/135     AC: 13    Str: 29    XL:     10   Next: 76%
Magic:  0/9        EV:  8    Int:  7    God:    Trog [*****.]
Gold:   472        SH:  0    Dex: 10    Spells: 9/9 levels left

rFire   + . .        H - +5 scythe "Finisher" {speed, execute}
rCold   . . .        (shield currently unavailable)
rNeg    . . .        e - +0 plate armour
rPois   .            S - +0 hat "Fele" {rF+ Str+3 Int+3}
rElec   .            (no cloak)
rCorr   .            (no gloves)
SInv    +            m - +0 pair of boots
Will    .....        i - amulet of guardian spirit Stlth
                     j - ring of see invisible
HPRegen 0.42/turn    l - +4 ring of slaying
MPRegen 0.11/turn

%: guardian spirit
@: berserking, very quick
A: horns 2, retaliatory headbutt
a: Renounce Religion, Berserk, Trog's Hand, Brothers in Arms


You were on level 11 of the Dungeon.
You worshipped Trog.
Trog was extremely pleased with you.
You visited 1 branch of the dungeon, and saw 11 of its levels.

You collected 556 gold pieces.
You spent 84 gold pieces at shops.

Inventory:

Hand Weapons
 A - the +4 whip of Revolt {flame, rElec rCorr Int+3}
   (You found it on level 4 of the Dungeon)

   Int:       It affects your intelligence (+3).
   rElec:     It insulates you from electricity.
   rCorr:     It protects you from acid and corrosion.
 H - the +5 scythe "Finisher" (weapon) {speed, execute}
   (You found it on level 7 of the Dungeon)
Missiles
 G - 2 throwing nets
 J - 6 javelins
 Q - 2 curare-tipped darts
Armour
 e - a +0 plate armour (worn)
 m - a +0 pair of boots (worn)
 o - a +0 kite shield
 I - +0 steam dragon scales
 S - the +0 hat "Fele" (worn) {rF+ Str+3 Int+3}
   (You found it on level 10 of the Dungeon)

   Str:       It affects your strength (+3).
   Int:       It affects your intelligence (+3).
   rF:        It protects you from fire.
Jewellery
 i - an amulet of guardian spirit (around neck)
 j - a ring of see invisible (left hand)
 l - a +4 ring of slaying (right hand)
 u - the ring of Descent {rF+ Will+ rCorr Dex+2}
   (You found it on level 4 of the Dungeon)

   [ring of resist corrosion]

   Dex:       It affects your dexterity (+2).
   rF:        It protects you from fire.
   rCorr:     It protects you from acid and corrosion.
   Will:      It increases your willpower.
 y - a +5 ring of evasion
 K - a +6 ring of intelligence
 L - a ring of flight
 T - a ring of willpower
Wands
 k - a wand of quicksilver (31)
 t - a wand of iceblast (39)
 B - a wand of polymorph (4)
 O - a wand of flame (5)
Scrolls
 c - a scroll of acquirement {unknown}
 d - 5 scrolls of teleportation
 g - 2 scrolls of fog
 h - 2 scrolls of noise
 n - 2 scrolls of enchant armour {unknown}
 q - a scroll of immolation {unknown}
 r - a scroll of poison {unknown}
 s - 2 scrolls of summoning {unknown}
 w - a scroll of identify
 D - a scroll of torment
 M - 2 scrolls of vulnerability {unknown}
 N - 2 scrolls of silence {unknown}
 R - a scroll of enchant weapon {unknown}
Potions
 a - 4 potions of heal wounds
 b - 2 potions of haste
 f - 7 potions of curing
 p - 2 potions of attraction
 v - 3 potions of brilliance {unknown}
 x - 2 potions of degeneration {unknown}
 z - 2 potions of might {unknown}
 F - 3 potions of resistance {unknown}
 P - a potion of enlightenment {unknown}


   Skills:
 + Level 8.8 Fighting
 * Level 14.8 Axes
 * Level 4.1 Throwing
 + Level 4.3 Armour
 + Level 3.8 Dodging
 + Level 5.7 Evocations


You had 9 spell levels left.
You didn't know any spells.
Your spell library was empty.

Dungeon Overview and Level Annotations

Branches:
Dungeon (11/15)            Temple (0/1) D:7            Lair (0/5) D:8
    Orc: D:9-12

Altars:
Cheibriados
Dithmenos
Elyvilon
Gozag
Hepliaklqana
Kikubaaqudgha
Okawaru
Sif Muna
Uskayaw
Vehumet
Wu Jian
Xom
The Shining One

Shops:
D:2 ?

Portals:
Trove: D:10 (give 14 scrolls of teleportation)


Innate Abilities, Weirdness & Mutations

You have a pair of horns on your head.
You reflexively headbutt those who attack you in melee.


Message History

Aim: a gnoll, wielding a +0 flail (about 28% to evade the +5 scythe "Finisher")
You reach to attack!
You slash the gnoll!
The gnoll is severely wounded.
The yak gores you. The yak barely misses you. The yak gores you!
The yak gores you but does no damage.
Huge Dmg: -9%(-12hp) hp: 33%(44hp) Reach: H) +5 scythe "Finisher" {speed, execute}
Press: ? - help, Dir - move target, f/p - gnoll
Aim: a gnoll, wielding a +0 flail (severely wounded, about 28% to evade the +5 scythe "Finisher")
You reach to attack!
You closely miss the gnoll.
The gnoll is severely wounded.
The yak gores you. x2
* * * LOW HITPOINT WARNING * * *
The yak gores you!
* * * LOW HITPOINT WARNING * * *
The yak gores you.
* * * LOW HITPOINT WARNING * * *
The yak gores you but does no damage. The yak gores you.
* * * LOW HITPOINT WARNING * * *
Huge Dmg: -13%(-18hp) hp: 20%(26hp) Unknown command.
Reach: H) +5 scythe "Finisher" {speed, execute}
Press: ? - help, Dir - move target, f/p - gnoll
Aim: a gnoll, wielding a +0 flail (severely wounded, about 28% to evade the +5 scythe "Finisher")
You reach to attack!
You barely miss the gnoll.
The gnoll is severely wounded.
Unknown command.
Unknown command.
You hit the yak. You headbutt the yak!
The yak is heavily wounded.
The yak misses you. The yak gores you.
* * * LOW HITPOINT WARNING * * *
The yak gores you.
* * * LOW HITPOINT WARNING * * *
The yak gores you.
* * * LOW HITPOINT WARNING * * *
The yak gores you!
* * * LOW HITPOINT WARNING * * *
The yak gores you!
You die...

.............%........#
.......................#
.......................#
.......................#
.......................#
....................)..#
.......................#
......YYY..............#
.....gY@Y...##########.#
......Y)....# ########.#
........)).............#
.......................#
.......................#
.......................#
.......................#
.......................#
########.#


You could see 6 yaks and a gnoll.

Vanquished Creatures
  4 two-headed ogres
  2 trolls (D:10)
  Sigmund (D:6)
  2 wyverns (D:9)
  A wraith (D:9)
  3 yaks (D:10)
  A vampire (D:11)
  2 steam dragons
  Menkaure (D:6)
  2 water moccasins
  An ice beast (D:7)
  A sky beast (D:8)
  2 orc warriors
  3 centaurs
  3 kobold brigands
  2 phantoms (D:6)
  2 bullfrogs (D:9)
  A scorpion (D:6)
  3 gnoll sergeants
  A wight (D:9)
  A howler monkey (D:6)
  5 orc priests
  2 hounds
  A jelly (D:6)
  An iron imp (D:5)
  Terence (D:2)
  An iguana (D:6)
  A sleepcap (D:6)
  7 orc wizards
  7 adders
  16 gnolls
  2 white imps (D:7)
  An ufetubus (D:5)
  2 worms
  6 dart slugs
  31 orcs
  5 ball pythons
  6 endoplasms
  A giant cockroach (D:1)
  10 goblins
  A hobgoblin (D:4)
  22 jackals
  10 kobolds
  4 quokkas
  8 bats
  5 frilled lizards
  5 rats
  A spectral hobgoblin (D:1)
201 creatures vanquished.

Notes
Turn   | Place    | Note
-------+----------+-------------------------------------------
     0 | D:1      | Lexodia the Minotaur Berserker began the quest for the Orb.
     0 | D:1      | Reached XP level 1. HP: 19/19 MP: 0/0
    23 | D:1      | Found a faded altar of an unknown god.
   224 | D:1      | Reached skill level 4 in Axes
   228 | D:1      | Reached XP level 2. HP: 27/27 MP: 1/1
   688 | D:1      | Reached ** piety under Trog
   695 | D:1      | Reached XP level 3. HP: 32/33 MP: 2/2
   903 | D:2      | Noticed Terence
   914 | D:2      | Killed Terence
   915 | D:2      | Reached skill level 5 in Axes
  1026 | D:2      | Found Zosh's Magic Scroll Boutique.
  1031 | D:2      | Reached XP level 4. HP: 41/41 MP: 3/3
  1035 | D:2      | Bought a scroll of identify for 24 gold pieces
  1035 | D:2      | Bought a scroll of fog for 48 gold pieces
  1035 | D:2      | Bought a scroll of noise for 12 gold pieces
  1133 | D:2      | Huge Dmg: 8 dmg
  1140 | D:2      | Huge Dmg: 11 dmg
  1720 | D:3      | Reached skill level 6 in Axes
  1824 | D:3      | Reached XP level 5. HP: 47/47 MP: 4/4
  1932 | D:3      | Found a radiant altar of Vehumet.
  2033 | D:3      | Reached *** piety under Trog
  2034 | D:3      | Reached skill level 5 in Fighting
  2421 | D:4      | Identified the ring of Descent {rF+ Will+ rCorr Dex+2}
  2602 | D:4      | Reached skill level 1 in Evocations
  2918 | D:4      | Identified the +4 whip of Revolt {flame, rElec rCorr Int+3}
  3117 | D:5      | Entered Level 5 of the Dungeon
  3117 | D:5      | Found a shadowy altar of Dithmenos.
  3340 | D:5      | Reached XP level 6. HP: 55/56 MP: 5/5
  3460 | D:5      | Reached skill level 7 in Axes
  3563 | D:5      | Found a snail-covered altar of Cheibriados.
  3808 | D:6      | Reached **** piety under Trog
  3808 | D:6      | Noticed a water moccasin
  3813 | D:6      | Killed a water moccasin
  3814 | D:6      | Reached XP level 7. HP: 60/63 MP: 4/6
  3822 | D:6      | Reached skill level 8 in Axes
  4050 | D:6      | Huge Dmg: 19 dmg
  4173 | D:6      | Huge Dmg: 15 dmg
  4333 | D:6      | Reached skill level 9 in Axes
  4333 | D:6      | Reached XP level 8. HP: 69/71 MP: 4/7
  4333 | D:6      | Found a hide-covered altar of Uskayaw.
  4340 | D:6      | Huge Dmg: 22 dmg
  4450 | D:6      | Noticed Menkaure
  4451 | D:6      | Huge Dmg: 31 dmg
  4456 | D:6      | Killed Menkaure
  4459 | D:6      | Huge Dmg: 19 dmg
  4565 | D:6      | Noticed Sigmund
  4574 | D:6      | Killed Sigmund
  4878 | D:7      | Huge Dmg: 14 dmg
  5026 | D:7      | Found the +5 scythe "Finisher" {speed, execute}
  5039 | D:7      | Found a staircase to the Ecumenical Temple.
  5045 | D:7      | Reached skill level 10 in Axes
  5278 | D:7      | Huge Dmg: 15 dmg
  5733 | D:8      | Found a hazy altar of Hepliaklqana.
  5802 | D:8      | Found a staircase to the Lair.
  5808 | D:8      | Noticed a two-headed ogre
  5814 | D:8      | Huge Dmg: 16 dmg
  5814 | D:8      | Killed a two-headed ogre
  5815 | D:8      | Reached skill level 11 in Axes
  5815 | D:8      | Reached skill level 5 in Evocations
  5815 | D:8      | Reached XP level 9. HP: 64/81 MP: 5/8
  6042 | D:8      | Found an ancient bone altar of Kikubaaqudgha.
  6047 | D:8      | Found an iron altar of Okawaru.
  6052 | D:8      | Found a shimmering blue altar of Sif Muna.
  6225 | D:8      | Reached skill level 12 in Axes
  6497 | D:9      | Found an ornate altar of the Wu Jian Council.
  6748 | D:9      | Reached skill level 13 in Axes
  6810 | D:9      | Found a white marble altar of Elyvilon.
  7175 | D:9      | Found a shimmering altar of Xom.
  7402 | D:9      | Reached skill level 14 in Axes
  7782 | D:10     | Entered Level 10 of the Dungeon
  7787 | D:10     | Found an opulent altar of Gozag.
  7892 | D:10     | Noticed a two-headed ogre
  7901 | D:10     | Killed a two-headed ogre
  7902 | D:10     | Reached skill level 1 in Throwing
  7902 | D:10     | Reached XP level 10. HP: 72/88 MP: 6/9
  8012 | D:10     | Identified the +0 hat "Fele" {rF+ Str+3 Int+3}
  8056 | D:10     | Found a portal to a secret trove of treasure.
  8351 | D:10     | Identified the +0 flail "Uto Poox" {freeze, Int+3}
  8561 | D:10     | Found a glowing golden altar of the Shining One.
  8665 | D:10     | Reached ***** piety under Trog
  8735 | D:10     | Noticed a two-headed ogre
  8740 | D:10     | Huge Dmg: 29 dmg
  8740 | D:10     | Killed a two-headed ogre
  8948 | D:11     | Noticed a two-headed ogre
  8953 | D:11     | Killed a two-headed ogre
  9108 | D:11     | Huge Dmg: 19 dmg
  9114 | D:11     | Huge Dmg: 12 dmg
  9115 | D:11     | Huge Dmg: 18 dmg
  9116 | D:11     | HP: 5/135 [yak (9)]
  9116 | D:11     | Slain by a yak

Illustrated notes

Levels and vault maps discovered:
D:1:      dpeg_arrival_renting, layout_loops_ring,
          dreamdust_ecumenical_altar_drowned_temple, st_stairs_7,
          minmay_bisected
D:2:      minmay_angry_zag, layout_basic, serial_shops,
          nicolae_shop_tiny_real_fake_doors, uniq_terence
D:3:      layout_loops_ring, nicolae_overflow_crystal_walls,
          chequers_serial_rivers_micro_b
D:4:      layout_loops_ring, minmay_misc_feat_plants
D:5:      layout_gridville, amcnicky_altar_gilded, slow_altar_1
D:6:      layout_rooms, old_standard_altar, uniq_sigmund, uniq_menkaure
D:7:      layout_loops_cross, minmay_temple_entry_waves
D:8:      layout_loops_ring, overflow_temple_1_default,
          minmay_overflow_temple_star_quad
D:9:      layout_stronghold, tgw_xom, mainiacjoe_overflow_24_doors,
          mainiacjoe_overflow_catwalk, grunt_decor_fettered, minmay_misc_feat_x
D:10:     layout_cave_pods, grunt_gozag_statues, tso_altar, enter_trove_0
D:11:     layout_long_grid, serial_shops, nicolae_shop_bloodbath_and_beyond,
          gauntlet_entry_generic, uniq_grum

Skill      XL: |  1  2  3  4  5  6  7  8  9 10 |
---------------+-------------------------------+-----
Axes           | 4 5 6 7 9 11 14 | 14.8
Fighting       | 4 5 6 8 |  8.8
Evocations     | 1 2 3 5 |  5.7
Throwing       | 1 4 |  4.1
Armour         | 4 |  4.3
Dodging        | 3 |  3.8

Action                     |  1- 3 |  4- 6 |  7- 9 | 10-12 || total
---------------------------+-------+-------+-------+-------++-------
  Melee: Hand axe          |    73 |   104 |    58 |       ||   235
         Headbutt          |     6 |    17 |    13 |     7 ||    43
         Dagger            |       |    22 |       |       ||    22
         Whip              |       |     2 |       |       ||     2
         Scythe            |       |       |    62 |    61 ||   123
 Invoke: Berserk           |       |     1 |     2 |     1 ||     4
         Trog's Hand       |       |       |       |     1 ||     1
    Use: Scroll            |       |     1 |       |     6 ||     7
   Stab: Sleeping          |     2 |       |     1 |       ||     3
 Armour: Animal skin       |     7 |       |       |       ||     7
         Chain mail        |    10 |    75 |    29 |       ||   114
         Steam dragon scal |       |       |     8 |     3 ||    11
         Plate armour      |       |       |       |    33 ||    33
  Dodge: Dodged            |    37 |    65 |    57 |    30 ||   189

Table legend: (Time is in decaauts)
 A = Elapsed time spent in this place.
 B = Non-inter-level travel time spent in this place.
 C = Inter-level travel time spent in this place.
 D = Time resting spent in this place.
 E = Time spent auto-exploring this place.
 F = Levels seen in this place.
 G = Mean time per level.
                   A        B        C        D        E       F      G
               +--------+--------+--------+--------+--------+-----+--------+
         Total |   9203 |   8615 |    588 |     31 |   7441 |  11 |  836.6 |
       Dungeon |   9203 |   8615 |    588 |     31 |   7441 |  11 |  836.6 |
               +--------+--------+--------+--------+--------+-----+--------+

Top non-repeatable levels by time:
     D:9: 1225 daAuts
    D:10: 1125 daAuts
     D:6: 973 daAuts
     D:7: 970 daAuts
     D:8: 924 daAuts
     D:1: 846 daAuts
     D:2: 819 daAuts
     D:3: 756 daAuts
     D:4: 707 daAuts
     D:5: 690 daAuts
    D:11: 163 daAuts
